cohdb
Replays
Latest Replays
All Replays
Popular Replays
Top Player Replays
Match Explorer
How It Works
Community
CoH3 Stats
Reddit
Sign in to upload your games and track your stats! →
Sign in with Steam
Match 41802395
Unlisted
Match 41802395
Overview
Messages
Build Orders
End
Vickers Machine Gun Team
Construct Section Command Post
Construct Section Command Post
Infantry Section
Infantry Section
Infantry Section
Selects Canadian Shock Battlegroup
Selects Offensive Resupply
Selects Canadian Shock Section
Grenade Package
Construct Platoon Command Post
Construct Field Infirmary
Selects Incendiary Munitions
Infantry Training
6-pounder Anti-tank Gun Team
Unlock M3 Stuart Light Tanks
Selects Pyrotechnics
M3 Stuart Light Tank
Selects Demolition Engineering
Demolition Engineering
Selects Point Assault
Canadian Shock Section
Point Assault
Construct Company Command Post
Construct Company Command Post
Crusader II Medium Tank
Point Assault
HulkSMASH
KeineZeit
BravoTwoZer0
Der Paul
Filthy_Westerner
Idiotic Pig
0
0
Comments
sign in to comment!
No comments posted yet!